Map: 2000 Atmospheres LE

Players

Namshar

  • Race: Zerg Zerg
  • League: Master

JonSnow - Winner!

  • Race: Zerg Zerg
  • League: Master

Event: DreamHack SC2 Masters 2021 Summer

VOD

Have the link to the VOD?

Description

Time

  • Played on: May 25, 2021, 5:54 p.m.
  • Length: 11:21

All games in this series

Show
View Real Time Build Order
Export as new Build Order

Namshar Zerg 

Build Orders: Hatch First 

Get SALT Encoding   

  12  0:00  Drone  
  13  0:11  Overlord  
  13  0:16  Drone  
  14  0:30  Drone x2  
  16  0:46  Hatchery  
  15  0:50  Drone  
  16  1:04  Spawning Pool  
  16  1:07  Extractor  
  16  1:08  Drone  
  15  1:13  Drone  
  15  1:17  Drone  
  17  1:20  Drone  
  18  1:32  Drone  
  19  1:40  Overlord  
  19  1:50  Queen  
  19  1:51  Zergling x2  
  22  1:58  Queen  
  22  1:59  Drone  
  25  2:03  Drone  
  26  2:08  Metabolic Boost  
  26  2:11  Drone  
  26  2:14  Drone  
  28  2:20  Drone  
  29  2:24  Drone  
  30  2:34  Drone  
  31  2:39  Hatchery  
  31  2:40  Zergling x2  
  31  2:43  Zergling x2  
  32  2:46  Zergling x2  
  33  2:53  Baneling Nest  
  33  2:55  Overlord  
  32  3:07  Overlord  
  32  3:17  Drone x2  
  32  3:18  Drone  
  35  3:23  Zergling x2  
  35  3:25  Overlord  
  36  3:28  Zergling x6  
  39  3:36  Baneling x2  
  39  3:37  Zergling x2  
  40  3:42  Baneling  
  40  3:45  Zergling x2  
  40  3:47  Baneling  
  40  3:58  Drone x6  
  46  4:03  Roach Warren  
  46  4:04  Evolution Chamber  
  44  4:13  Overlord  
  38  4:18  Drone x5  
  38  4:22  Drone x2  
  44  4:28  Queen  
  44  4:29  Drone  
  44  4:30  Drone  
  48  4:33  Zerg Missile Weapons Level 1  
  48  4:43  Zergling x10  
  48  4:45  Baneling x2  
  52  4:47  Baneling  
  52  4:56  Overlord  
  52  4:57  Roach x2  
  54  5:13  Roach x2  
  56  5:19  Extractor  
  56  5:20  Extractor, Drone x3  
  56  5:21  Drone x3  
  58  5:22  Overlord x2  
  58  5:27  Roach  
  62  5:30  Roach  
  64  5:38  Overlord x2  
  64  5:39  Roach  
  66  5:48  Roach x2  
  70  5:55  Zergling x12, Roach x2  
  79  6:00  Zergling x6  
  82  6:06  Overlord  
  82  6:07  Zergling x4  
  84  6:11  Baneling x3  
  84  6:12  Baneling  
  84  6:13  Roach x2  
  84  6:16  Zergling x4  
  86  6:24  Zergling x12  
  90  6:30  Ravager x2  
  85  6:34  Zergling x10  
  88  6:46  Zergling x12  
  85  6:48  Ravager  
  85  6:50  Zergling x6  
  80  6:54  Ravager  
  80  6:57  Ravager x2  
  80  6:59  Zergling x4  
  78  7:06  Queen  
  78  7:08  Drone x3  
  76  7:10  Drone  
  76  7:12  Drone  
  70  7:19  Drone  
  63  7:24  Spore Crawler  
  63  7:26  Drone x2  
  63  7:29  Pneumatized Carapace  
  60  7:31  Queen  
  60  7:35  Spore Crawler  
  61  7:41  Roach x4  
  61  7:43  Roach  
  70  7:45  Baneling x2  
  70  7:46  Baneling x3  
  70  7:52  Roach x2  
  74  8:00  Lair, Spore Crawler  
  73  8:09  Drone  
  73  8:10  Drone x6  
  79  8:15  Zerg Ground Armor Level 1  
  79  8:17  Spore Crawler  
  78  8:21  Roach  
  78  8:22  Roach x2  
  78  8:26  Overlord  
  84  8:40  Overlord x2  
  84  8:41  Overlord x2  
  84  8:57  Queen  
  84  8:58  Spore Crawler  
  84  9:01  Extractor  
  84  9:09  Glial Reconstitution  
  83  9:12  Drone  
  83  9:13  Drone x3  
  83  9:14  Hydralisk Den, Roach x9  
  103  9:18  Extractor  
  103  9:20  Extractor  
  103  9:21  Drone x4  
  105  9:25  Spore Crawler  
  104  9:32  Overlord x2  
  104  9:36  Roach  
  104  9:37  Roach x2  
  110  9:39  Ravager x3  
  113  9:48  Drone x2  
  113  9:49  Drone x2, Overlord  
  113  9:50  Overlord  
  118  9:52  Ravager  
  118  9:53  Ravager  
  118  9:54  Roach  
  121  10:06  Queen x2  
  117  10:08  Drone x2  
  120  10:15  Roach x4  
  110  10:25  Queen  
  102  10:29  Roach x2  
  99  10:41  Roach x5  
  96  10:47  Overlord  
  95  10:51  Roach  
  91  11:03  Spore Crawler  
Show
View Real Time Build Order
Export as new Build Order

JonSnow Zerg - Winner!

Build Orders: Hatch First, Muta Ling Bane, Zergling Baneling 

Get SALT Encoding   

  12  0:01  Drone  
  13  0:12  Overlord  
  13  0:16  Drone  
  14  0:30  Drone x2  
  16  0:48  Hatchery  
  15  0:51  Drone  
  15  0:55  Drone  
  17  0:58  Drone  
  18  1:06  Extractor  
  17  1:14  Spawning Pool  
  17  1:18  Drone  
  17  1:20  Drone  
  18  1:28  Drone  
  19  1:39  Drone  
  20  1:51  Overlord  
  20  2:01  Queen  
  22  2:02  Drone x2, Queen  
  22  2:06  Metabolic Boost  
  26  2:13  Zergling x4  
  28  2:22  Zergling x2  
  29  2:23  Drone  
  30  2:37  Drone, Hatchery  
  30  2:51  Overlord  
  30  2:53  Baneling Nest  
  30  2:55  Zergling x2  
  30  2:56  Zergling x2  
  31  3:01  Zergling x4  
  33  3:06  Drone x2  
  33  3:11  Drone  
  33  3:12  Drone  
  37  3:16  Overlord  
  37  3:23  Drone x2  
  37  3:24  Drone  
  40  3:35  Overlord  
  40  3:36  Zergling x6  
  40  3:39  Baneling  
  43  3:41  Baneling  
  43  3:45  Drone  
  43  3:55  Drone x7  
  50  3:57  Baneling x2  
  49  4:07  Baneling x2  
  49  4:08  Baneling  
  49  4:09  Baneling  
  49  4:10  Zergling x10  
  49  4:13  Drone  
  54  4:19  Drone x4  
  58  4:26  Lair  
  58  4:27  Extractor  
  58  4:28  Extractor  
  56  4:33  Roach Warren  
  55  4:39  Evolution Chamber  
  54  4:46  Drone  
  54  4:47  Drone x8  
  63  4:54  Queen  
  63  4:56  Extractor  
  62  5:12  Overlord  
  62  5:14  Drone x6  
  66  5:21  Overlord  
  66  5:25  Spire  
  66  5:26  Overlord  
  66  5:28  Overlord  
  65  5:32  Roach x4  
  73  5:38  Overlord x2  
  73  5:56  Overlord  
  72  5:59  Extractor  
  72  6:01  Roach  
  72  6:02  Roach x9  
  91  6:08  Roach  
  91  6:10  Spine Crawler  
  92  6:12  Baneling  
  92  6:13  Baneling  
  92  6:16  Roach x4  
  88  6:33  Zergling x6  
  88  6:38  Mutalisk x4  
  98  6:45  Zergling x10  
  93  6:48  Mutalisk  
  87  7:01  Mutalisk  
  86  7:05  Mutalisk  
  79  7:08  Zergling x2  
  79  7:09  Zergling x12  
  75  7:16  Mutalisk  
  74  7:28  Drone  
  74  7:29  Drone x3  
  78  7:32  Queen  
  78  7:35  Mutalisk x2  
  84  7:39  Extractor  
  84  7:43  Mutalisk  
  84  7:49  Drone x4  
  88  7:57  Drone  
  89  7:58  Overlord  
  89  8:05  Centrifical Hooks, Zerg Melee Weapons Level 1  
  89  8:08  Queen  
  89  8:11  Drone x5  
  89  8:12  Drone  
  96  8:20  Baneling  
  96  8:28  Mutalisk x3  
  96  8:31  Zergling x12  
  108  8:39  Mutalisk x2  
  111  8:44  Overlord  
  111  8:52  Mutalisk x2  
  111  8:55  Zergling x12  
  121  9:01  Zerg Flyer Weapons Level 1  
  121  9:08  Mutalisk  
  123  9:11  Overlord x3  
  123  9:23  Overlord  
  123  9:25  Drone x3  
  123  9:27  Hatchery  
  125  9:32  Mutalisk x3  
  125  9:35  Mutalisk  
  125  9:36  Mutalisk  
  135  9:47  Mutalisk  
  135  9:48  Mutalisk  
  139  9:54  Baneling x5  
  136  10:20  Zergling x10  
  136  10:21  Zergling x22  
  145  10:24  Mutalisk x3  
  144  10:35  Mutalisk  
  144  10:36  Mutalisk x2  
  144  10:41  Spine Crawler, Mutalisk  
  144  10:42  Spine Crawler  
  145  10:47  Zergling x2  
  145  10:48  Zergling x8  
  144  11:03  Baneling x5  
Tags
 
Add a new tag
Caveats
  • Supply blocks, unpowered buildings, or Contaminate may cause inaccurate times.
  • Supply counts are checked every 10 seconds.